 Dungeon Crawl Stone Soup version 0.27.1-35-g4d5d836560 (webtiles) character file.

Game seed: 7446212975627884865

238 Delamore the Sneak (level 6, -1/39 HPs)
             Began as an Octopode Brigand on Apr 26, 2022.
             Slain by a killer bee (9 damage)
             ... on level 6 of the Dungeon.
             The game lasted 00:02:22 (2458 turns).

Delamore the Sneak (Octopode Brigand)               Turns: 2458, Time: 00:02:22

Health: -1/39      AC:  1    Str: 11    XL:     6   Next: 7%
Magic:  6/6        EV: 12    Int: 13    God:
Gold:   89         SH:  0    Dex: 15    Spells: 5/5 levels left

rFire    + . .     SeeInvis .   a - +2 dagger
rCold    + . .     Faith    .   (no shield)
rNeg     . . .     Spirit   .   (helmet restricted)
rPois    +         Reflect  .   (no amulet)
rElec    +         Harm     .   e - ring of willpower
rCorr    +         Rampage  .   (no ring)
Will     +....                  (no ring)
Stlth    +++++.....             (no ring)
HPRegen  0.13/turn              (no ring)
MPRegen  0.10/turn              (no ring)
                                (no ring)
                                (no ring)

@: resistant
A: almost no armour, amphibious, 8 rings, camouflage 1, gelatinous body 1,
(nimble swimmer 1), tentacles
a: no special abilities


You were on level 6 of the Dungeon.
You visited 1 branch of the dungeon, and saw 4 of its levels.

You collected 89 gold pieces.

Inventory:

Hand Weapons
 a - a +2 dagger (weapon)
 h - a +1 short sword of distortion
 p - a +0 rapier
Missiles
 b - 18 poisoned darts (quivered)
Jewellery
 e - a ring of willpower (left tentacle)
 l - a ring of ice
Scrolls
 g - a scroll of enchant weapon
 m - a scroll of teleportation
 n - a scroll of enchant armour
Potions
 d - a potion of resistance
 i - a potion of magic {unknown}
 k - a potion of degeneration {unknown}
 o - a potion of attraction {unknown}


   Skills:
 - Level 2.0 Fighting
 * Level 5.1 Short Blades
 - Level 2.0 Throwing
 - Level 1.0 Dodging
 + Level 7.1 Stealth


You had 5 spell levels left.
You didn't know any spells.
Your spell library was empty.

Dungeon Overview and Level Annotations

Branches:
Dungeon (3/15)

Altars:

Shops:
D:2 *


Innate Abilities, Weirdness & Mutations

You cannot wear most types of armour.
You are amphibious.
You can wear up to eight rings at the same time.
Your skin changes colour to match your surroundings (Stealth+).
Your rubbery body absorbs attacks. (AC +1, EV +1)
((You are camouflaged near water. (Stealth+)))
You have tentacles for arms and can constrict up to eight enemies at once.


Message History

You hit the killer bee. You squeeze the killer bee.
You kill the killer bee!
Your Short Blades skill increases to level 5!
Your Stealth skill increases to level 7!
You have reached level 6!
Your experience leads to an increase in your attributes!
Increase (S)trength, (I)ntelligence, or (D)exterity?
You feel agile.
Throw: dart (curare)
Press: ? - help, Q - select action, (/) - cycle Shift-Dir - straight line, f - killer bee
Aim: a killer bee (31% to hit)
You throw a curare-tipped dart.
The curare-tipped dart barely misses the killer bee.
Throw: 19 darts (poison)
Press: ? - help, Q - select action Shift-Dir - straight line, f/p - killer bee
Aim: a killer bee (31% to hit)
You throw a poisoned dart. The poisoned dart hits the killer bee.
The killer bee is poisoned.
A killer bee comes into view.
The killer bee stings you!
* * * LOW HITPOINT WARNING * * *
The killer bee buzzes angrily.
You hit the killer bee. Your grab misses the killer bee.
The killer bee is moderately wounded.
You hear a shout!
The killer bee stings you!
* * * LOW HITPOINT WARNING * * *
You feel much better. The killer bee stings you! The killer bee stings you.
* * * LOW HITPOINT WARNING * * *
You are lethally poisoned!
The killer bee poisons you!
You feel better. The killer bee misses you. The killer bee stings you.
You closely miss the killer bee. Your grab misses the killer bee.
The killer bee is heavily wounded.
The killer bee misses you. The killer bee stings you.
* * * LOW HITPOINT WARNING * * *
The killer bee stings you.
* * * LOW HITPOINT WARNING * * *
The killer bee stings you!
You die...

.....# #..(.#.#
##.#...... ###.(....#
##.####### #........#.
....#### #.........$
##.....######.........
......................
#......#.##...>.(#.#.
+.....#...#....yy#
#...#.#...#.....@#
.(........#.######
#####.#..##.####
####+#.........
#.......##.####
#.......# .. #.......#
#. #.......#####.#
####.##.......#


You could see 2 killer bees.

Vanquished Creatures
  A black bear (D:6)
  A killer bee (D:6)
  An iguana (D:2)
  3 adders (D:2)
  A worm (D:2)
  4 endoplasms
  3 giant cockroaches
  5 goblins
  4 hobgoblins
  3 jackals (D:2)
  2 kobolds (D:1)
  2 quokkas (D:2)
  3 ball pythons
  5 bats
  3 frilled lizards
  6 rats
47 creatures vanquished.

Notes
Turn   | Place    | Note
-------+----------+-------------------------------------------
     0 | D:1      | Delamore the Octopode Brigand began the quest for the Orb.
     0 | D:1      | Reached XP level 1. HP: 14/14 MP: 1/1
   249 | D:1      | Reached XP level 2. HP: 14/19 MP: 2/2
   948 | D:2      | Reached XP level 3. HP: 24/24 MP: 3/3
  1044 | D:2      | Found a faded altar of an unknown god.
  1251 | D:2      | Reached skill level 6 in Stealth
  1406 | D:2      | Found Jyfymi's General Store.
  1506 | D:2      | Reached XP level 4. HP: 8/29 MP: 4/4
  2088 | D:3      | You fall into a shaft and drop 3 floors!
  2108 | D:6      | Noticed a black bear
  2116 | D:6      | Killed a black bear
  2117 | D:6      | Reached XP level 5. HP: 34/34 MP: 5/5
  2130 | D:6      | Noticed a centaur
  2131 | D:6      | Noticed a centaur
  2132 | D:6      | Noticed a centaur
  2134 | D:6      | HP: 1/34 [centaur/arrow (8)]
  2440 | D:6      | Noticed a black bear
  2453 | D:6      | Reached skill level 5 in Short Blades
  2453 | D:6      | Reached skill level 7 in Stealth
  2453 | D:6      | Reached XP level 6. HP: 18/39 MP: 6/6
  2455 | D:6      | HP: 1/39 [killer bee (9)]
  2458 | D:6      | Slain by a killer bee

Illustrated notes

Levels and vault maps discovered:
D:1:      heliophobic_arrival_enchanted_forest, layout_basic,
          minmay_pentomino_q4
D:2:      minmay_chambers_of_ones, layout_basic, serial_shops,
          nicolae_lakefront_shop, hellmonk_ecumenical_altar_pennies_from_heaven,
          roderic_roman_lattice, serial_park_tiny_1, kennysheep_potato
D:3:      layout_loops_ring, nicolae_overflow_hidden_temple
D:6:      nicolae_whirlpool, layout_basic, mainiacjoe_overflow_large_starburst,
          grunt_temple_overflow_open, kennysheep_generic_room_5

Skill      XL: |  1  2  3  4  5 |
---------------+----------------+-----
Short Blades   | 3 4 5 |  5.1
Stealth        | 6 7 |  7.1
Fighting       | |  2.0
Throwing       | |  2.0
Dodging        | |  1.0

Action                   |  1- 3 |  4- 6 || total
-------------------------+-------+-------++-------
Melee: Dagger            |    61 |    23 ||    84
       Constrict         |    13 |     2 ||    15
       Tentacles         |    12 |     3 ||    15
Throw: Dart              |     4 |     7 ||    11
  Use: Scroll            |     3 |       ||     3
       Potion            |       |     5 ||     5
 Stab: Sleeping          |    15 |     6 ||    21
Armor: Skin              |     4 |       ||     4
Dodge: Dodged            |    22 |    15 ||    37
